 Dungeon Crawl Stone Soup version 0.30-a0-591-g3c58d2bc28 (webtiles) character file.

Game seed: 15367779703699797497

163 Newt the Trooper (level 5, -1/63 HPs)
             Began as a Demonspawn Gladiator on Jan 5, 2023.
             Was an Initiate of Dithmenos.
             Succumbed to a scorpion's poison
             ... on level 4 of the Dungeon.
             The game lasted 00:04:20 (3664 turns).

Newt the Trooper (Demonspawn Gladiator)             Turns: 3664, Time: 00:04:21

Health: -1/63      AC: 22    Str: 16    XL:     5   Next: 20%
Magic:  5/5        EV:  2    Int:  9    God:    Dithmenos [......]
Gold:   120        SH:  0    Dex: 15    Spells: 4/4 levels left

rFire   . . .      SeeInvis .    a - +0 rapier
rCold   . . .      Faith    .    (no shield)
rNeg    . . .      Spirit   .    (body armour currently unavailable)
rPois   +          Reflect  .    (helmet currently unavailable)
rElec   .          Harm     .    (cloak currently unavailable)
rCorr   .          Rampage  .    (gloves currently unavailable)
Will    .....      NoTele   +    (boots currently unavailable)
Stlth   ++                       (no amulet)
HPRegen 0.30/turn                (no ring)
MPRegen 0.09/turn                (no ring)

@: lethally poisoned (-1 -> -5), tree-form
A: stationary, stasis, torment immunity, boosted hp, (claws 2), ignite blood 2
a: Renounce Religion


You were on level 4 of the Dungeon.
You worshipped Dithmenos.
Dithmenos was noncommittal.
You were a tree.
You visited 1 branch of the dungeon, and saw 4 of its levels.

You collected 120 gold pieces.

Inventory:

Hand Weapons
 a - a +0 rapier (weapon)
Missiles
 e - 3 javelins (quivered)
 i - 8 poisoned darts
Armour
 b - a +0 leather armour (melded)
 c - a +1 helmet (melded)
 g - a +0 cloak (melded)
Scrolls
 n - a scroll of fog
Potions
 f - 5 potions of attraction
 h - a potion of might
 j - a potion of degeneration {unknown}
 k - a potion of mutation
 o - a potion of curing {unknown}
 p - a potion of haste {unknown}


   Skills:
 - Level 4.0 Fighting
 + Level 3.8 Short Blades
 - Level 1.7 Throwing
 - Level 2.6 Dodging
 - Level 2.0 Stealth


You had 4 spell levels left.
You didn't know any spells.
Your spell library was empty.

Dungeon Overview and Level Annotations

Branches:
Dungeon (4/15)
 Temple: D:4-7

Altars:
Dithmenos
Fedhas
Qazlal
Xom


Innate Abilities, Weirdness & Mutations

You are a tree.
Your roots penetrate the ground, keeping you stationary.
You cannot be teleported.
You are immune to unholy pain and torment.
Your maximum health is greatly increased.
Your equipment is partially melded.
((You have very sharp fingernails.))
Your demonic aura often causes spilled blood to erupt in flames.


Message History

You hit the scorpion.
The scorpion is heavily wounded.
* * * LOW HITPOINT WARNING * * *
You feel very sick.
The scorpion stings you but does no damage. x2
You completely miss the scorpion.
The scorpion is heavily wounded.
* * * LOW HITPOINT WARNING * * *
You feel very sick.
The scorpion stings you but does no damage.
Throw: 6 javelins
Press: ? - help, Q - select action, (/) - cycle Shift-Dir - straight line, f - orc, p - scorpion
Aim: an orc, wielding a +2 dagger of protection and wearing a +0 ring mail (64% to hit)
You throw a javelin.
The javelin pierces through the scorpion but does no damage.
The scorpion is heavily wounded.
The javelin pierces through the orc but does no damage.
* * * LOW HITPOINT WARNING * * *
You feel sick. The scorpion completely misses you.
An orc comes into view. It is wielding a +0 club.
The scorpion stings you but does no damage.
Throw: 5 javelins
Press: ? - help, Q - select action, (/) - cycle Shift-Dir - straight line, f/p - orc
Aim: an orc, wielding a +2 dagger of protection and wearing a +0 ring mail (64% to hit)
You throw a javelin.
The javelin pierces through the scorpion.
The scorpion is severely wounded.
The javelin pierces through the orc but does no damage.
* * * LOW HITPOINT WARNING * * *
You feel sick.
The scorpion stings you but does no damage.
Throw: 4 javelins
Press: ? - help, Q - select action, (/) - cycle Shift-Dir - straight line, f/p - orc
Aim: an orc, wielding a +2 dagger of protection and wearing a +0 ring mail (64% to hit)
You throw a javelin.
The javelin pierces through the scorpion but does no damage.
The scorpion is severely wounded.
The javelin pierces through the orc.
The orc is heavily wounded.
You die...

##...##
###...##
##....##
##....##
##....##
##....##
###....##
.[.#.....##
.......♣##
.....os##
.......
.......
(......
.......
.......
(......


You could see a scorpion and an orc.

Vanquished Creatures
  An orc wizard (D:3)
  4 gnolls
  4 adders (D:2)
  A worm (D:2)
  2 dart slugs
  7 orcs
  4 endoplasms (D:1)
  4 giant cockroaches
  3 goblins (D:1)
  2 hobgoblins
  3 jackals (D:1)
  9 ball pythons
  3 bats
  3 frilled lizards
  2 kobolds (D:1)
  3 rats (D:3)
55 creatures vanquished.

Notes
Turn   | Place    | Note
-------+----------+-------------------------------------------
     0 | D:1      | Newt the Demonspawn Gladiator began the quest for the Orb.
     0 | D:1      | Reached XP level 1. HP: 16/16 MP: 1/1
    41 | D:1      | Reached skill level 1 in Stealth
   220 | D:1      | Gained mutation: Your demonic aura sometimes causes spilled
                  | blood to erupt in flames. [demonic ancestry]
   220 | D:1      | Reached XP level 2. HP: 22/22 MP: 2/2
   906 | D:2      | Gained mutation: Your demonic aura often causes spilled
                  | blood to erupt in flames. [demonic ancestry]
   906 | D:2      | Reached XP level 3. HP: 28/28 MP: 3/3
  1179 | D:2      | Reached skill level 3 in Fighting
  1442 | D:2      | Gained mutation: You have sharp fingernails. [demonic
                  | ancestry]
  1442 | D:2      | Reached XP level 4. HP: 37/37 MP: 4/4
  1547 | D:2      | Found a faded altar of an unknown god.
  2046 | D:3      | Reached skill level 4 in Fighting
  2051 | D:3      | HP: 1/37 [gnoll/+0 spear (6)]
  3015 | D:3      | Found a shadowy altar of Dithmenos.
  3044 | D:3      | Became a worshipper of Dithmenos the Shadowed
  3064 | D:3      | Found a faded altar of an unknown god.
  3069 | D:3      | Found a stormy altar of Qazlal.
  3098 | D:3      | Found a blossoming altar of Fedhas.
  3098 | D:3      | Found a shimmering altar of Xom.
  3149 | D:3      | Gained mutation: You have very sharp fingernails. [demonic
                  | ancestry]
  3149 | D:3      | Reached XP level 5. HP: 19/42 MP: 5/5
  3662 | D:4      | HP: 2/63 [poisoned by a scorpion]
  3664 | D:4      | Succumbed to a scorpion's poison

Illustrated notes

Levels and vault maps discovered:
D:1:      evilmike_arrival_plus, layout_basic
D:2:      layout_basic, chequers_ecumenical_altar_island, minmay_snake_closets
D:3:      layout_rooms, nicolae_overflow_ecumenical_swirl, lemuel_crystal_altar,
          gammafunk_temple_overflow_forgotten
D:4:      layout_layer_cave, nicolae_ru_great_annihilating_truth,
          minmay_temple_entry_gardened_gates

Skill      XL: |  1  2  3  4 |
---------------+-------------+-----
Stealth        | 1 2 |  2.0
Fighting       | 3 4 |  4.0
Short Blades   | 3 |  3.8
Throwing       | |  1.7
Dodging        | |  2.6

Action                   |  1- 3 |  4- 6 || total
-------------------------+-------+-------++-------
Melee: Rapier            |   129 |    87 ||   216
       Punch             |     1 |       ||     1
Throw: Javelin           |     1 |     4 ||     5
       Throwing net      |       |     4 ||     4
  Use: Scroll            |     2 |     6 ||     8
       Potion            |       |     2 ||     2
 Stab: Sleeping          |     4 |     1 ||     5
Armor: Leather armour    |    61 |    19 ||    80
       Skin              |       |     6 ||     6
Dodge: Dodged            |    85 |    56 ||   141

Table legend: (Time is in decaauts)
 A = Elapsed time spent in this place.
 B = Non-inter-level travel time spent in this place.
 C = Inter-level travel time spent in this place.
 D = Time resting spent in this place.
 E = Time spent auto-exploring this place.
 F = Levels seen in this place.
 G = Mean time per level.
                   A        B        C        D        E       F      G
               +--------+--------+--------+--------+--------+-----+--------+
         Total |   3689 |   3615 |     74 |   1657 |   1475 |   4 |  922.2 |
       Dungeon |   3689 |   3615 |     74 |   1657 |   1475 |   4 |  922.2 |
               +--------+--------+--------+--------+--------+-----+--------+

Top non-repeatable levels by time:
     D:2: 1494 daAuts
     D:3: 1243 daAuts
     D:1: 874 daAuts
     D:4: 77 daAuts
